 Dungeon Crawl Stone Soup version 0.31.0-4-g52a2dc7128 (webtiles) character file.

Game seed: 7695382919057789925

8751 GordonOverkill the Destroyer (level 11, -2/60 HPs)
             Began as a Kobold Reaver on Jan 23, 2024.
             Was a Follower of Vehumet.
             Slain by a skeletal warrior
             ... wielding a +0 trident
              (22 damage)
             ... on level 10 of the Dungeon.
             The game lasted 00:29:22 (17616 turns).

GordonOverkill the Destroyer (Kobold Reaver)       Turns: 17616, Time: 00:29:23

Health: -2/60      AC:  4    Str:  9    XL:     11   Next: 61%
Magic:  20/20      EV: 19    Int: 20    God:    Vehumet [*.....]
Gold:   727        SH:  0    Dex: 13    Spells: 11/22 levels left

rFire   . . .        n - +5 dagger (venom)
rCold   . . .        (no shield)
rNeg    . . .        p - +2 robe {Will+}
rPois   .            (no helmet)
rElec   .            (no cloak)
rCorr   .            (no gloves)
SInv    +            (no boots)
Will    +....        (no amulet)
Stlth   ++           e - ring of see invisible
HPRegen 0.30/turn    a - +5 ring of evasion
MPRegen 0.17/turn

%: no passive effects
@: studying Staves
A: small, no large weapons, nightstalker 3
a: Renounce Religion


You were on level 10 of the Dungeon.
You worshipped Vehumet.
Vehumet was aware of your devotion.
You visited 1 branch of the dungeon, and saw 10 of its levels.
You also visited: Ossuary.

You collected 727 gold pieces.

Inventory:

Hand Weapons
 n - a +5 dagger of venom (weapon)
Missiles
 f - 23 poisoned darts
 q - a throwing net
Armour
 b - a +0 leather armour
 g - a +0 buckler
 p - a +2 robe of willpower (worn)
 K - the +0 leather armour "Nuivvalu" {Will+ Int+3 Slay-4}
   (You found it on level 10 of the Dungeon)

   Int+3:     It affects your intelligence (+3).
   Slay-4:    It affects your accuracy & damage with ranged weapons and melee
   (-4).
   Will+:     It increases your willpower.
Magical Staves
 c - a staff of alchemy
Jewellery
 a - a +5 ring of evasion (right hand)
 e - a ring of see invisible (left hand)
 r - a ring of resist corrosion
 F - a ring of fire
 G - a ring of positive energy
Wands
 l - a wand of mindburst (7)
 v - a wand of flame (13)
 E - a wand of charming (9)
Scrolls
 d - 3 scrolls of revelation
 t - 2 scrolls of fear
 u - a scroll of poison
 w - 2 scrolls of enchant armour {unknown}
 x - a scroll of amnesia {unknown}
 y - a scroll of fog {unknown}
 D - 2 scrolls of immolation {unknown}
 I - 3 scrolls of identify
 J - 2 scrolls of brand weapon
 L - a scroll of silence {unknown}
Potions
 h - a potion of berserk rage
 i - 2 potions of magic
 j - 2 potions of ambrosia
 m - 2 potions of lignification {unknown}
 o - a potion of invisibility {unknown}
 s - a potion of haste
 z - 4 potions of brilliance
 A - 3 potions of attraction {unknown}
 B - 3 potions of heal wounds
 C - a potion of might {unknown}
 H - a potion of mutation {unknown}
Miscellaneous
 k - a sack of spiders (inert)


   Skills:
 + Level 3.4 Fighting
 - Level 4.0 Short Blades
 - Level 2.4 Dodging
 - Level 6.0 Spellcasting
 - Level 12.0 Conjurations
 - Level 3.0 Necromancy
 - Level 7.0 Ice Magic
 - Level 8.0 Alchemy
 - Level 3.0 Evocations


You had 11 spell levels left.
You knew the following spells:

 Your Spells              Type           Power      Damage    Failure   Level
a - Kiss of Death         Conj/Necr      100%       2d13      1%          1
b - Hailstorm             Conj/Ice       44%        3d9       1%          3
c - Irradiate             Conj/Alch      23%        3d19      4%          5
d - Sublimation of Blood  Necr           18%        N/A       4%          2

Your spell library contained the following spells:

 Spells                   Type           Power      Damage    Failure   Level
 Magic Dart               Conj           100%       1d8       1%          1
 Shock                    Conj/Air       100%       1d9       1%          1
 Sting                    Conj/Alch      100%       1d9       1%          1
 Momentum Strike          Conj/Tloc      60%        3d9       1%          2
 Stone Arrow              Conj/Erth      60%        3d10      2%          3
 Necrotise                Necr           72%        1d7       3%          1
 Mercury Vapours          Alch/Air       44%        N/A       3%          2
 Olgreb's Toxic Radiance  Alch           38%        N/A       3%          4
 Vampiric Draining        Necr           18%        2d7       9%          3
 Brom's Barrelling Bould  Conj/Erth      30%        2d5       9%          4
 Flame Wave               Conj/Fire      30%        2d9       9%          4
 Sandblast                Erth           12%        2d6       11%         1
 Slow                     Hex            24%        N/A       11%         1
 Petrify                  Alch/Erth      22%        N/A       21%         4
 Confusing Touch          Hex            6%         N/A       30%         3
 Gell's Gravitas          Tloc           6%         N/A       30%         3
 Passwall                 Erth           6%         N/A       30%         3
 Sigil of Binding         Hex            6%         N/A       30%         3
 Swiftness                Air            6%         N/A       30%         3
 Teleport Other           Tloc           6%         N/A       30%         3
 Tukima's Dance           Hex            6%         N/A       30%         3
 Martyr's Knell           Necr/Summ      12%        N/A       50%         4
 Yara's Violent Unravell  Hex/Alch       11%        3d6       50%         5
 Curse of Agony           Necr           18%        N/A       63%         5
 Airstrike                Air            3%         2d(1-17)  71%         4
 Passage of Golubria      Tloc           6%         N/A       71%         4
 Conjure Ball Lightning   Conj/Air       15%        3x3d6     80%         6
 Lee's Rapid Deconstruct  Erth           3%         3d5*      96%         5
 Ozocubu's Refrigeration  Ice            17%        4d11      99%         7
 Dispersal                Tloc           3%         N/A       100%        6
 Discord                  Hex            3%         N/A       100%        8
 Disjunction              Tloc           3%         N/A       100%        8
 Lehudib's Crystal Spear  Conj/Erth      15%        10d5      100%        8


Dungeon Overview and Level Annotations

Branches:
Dungeon (10/15)            Temple (0/1) D:7            Lair (0/5) D:9
    Orc (0/2) D:9         Ossuary (visited)

Altars:
Ashenzari
Cheibriados
Qazlal
Sif Muna
Uskayaw
Vehumet
Yredelemnul
The Shining One

Annotations:
D:2 Terence
D:4 Tinttamiau's ghost, amateur AtIE


Innate Abilities, Weirdness & Mutations

You are small and have problems with some larger weapons.
You are completely attuned to the shadows.


Message History

There is an open door here.
Your magical contamination has completely faded away.
The vampire casts a spell at you. You resist with almost no effort.
Things that are here:
a +0 war axe; a +0 robe
There is an open door here.
There is an open door here.
There is an open door here.
You close the door.
You start waiting.
Done waiting.
You start waiting.
Done waiting.
You open the door.
There is an open door here.
There is an open door here.
A skeletal warrior is nearby!
A skeletal warrior is nearby!
Okay, then.
The skeletal warrior barely misses you.
There is an open door here.
The skeletal warrior attacks as it pursues you!
The skeletal warrior misses you.
The skeletal warrior attacks as it pursues you!
The skeletal warrior hits you from afar with a +0 trident!!
Casting: Hailstorm (safe; 1% risk of failure)
Confirm with . or Enter, or press ? or * to list all spells.
Okay, then.
Unknown command.
Unknown command.
Aiming: Mindburst
Press: ? - help, Shift-Dir - straight line, f - skeletal warrior
Aim: a skeletal warrior, wielding a +0 trident (chance to affect: 13%)
Okay, then.
Unknown command.
The skeletal warrior hits you from afar with a +0 trident!!
* * * LOW HITPOINT WARNING * * *
The skeletal warrior hits you with a +0 trident!!
You die...

#..##.##..# ##.....#
#..##>##..# ##.......
#.........####........
#.###........'........
#.###.#...####........
#........## ##.......
#####.#### ##.....#
#z# ##...## #@# ##'##
#.# #.# #.# #.#
#.###### #.###
#......# ##...
######.########..#
#.#_.....#..#
#####..####.#
#.....##..


You could see a skeletal warrior.

Vanquished Creatures
  A hydra (D:9)
  A boulder beetle (D:9)
  A tengu warrior (D:9)
  An efreet (D:9)
  2 trolls
  A hornet (D:9)
  3 yaks (D:9)
  A wyvern (D:8)
  A shadow (D:9)
  2 basilisks (D:9)
  2 wraiths (D:10)
  Eustachio (D:5)
  5 steam dragons
  2 water moccasins
  3 sky beasts (D:7)
  3 orc warriors
  4 black bears
  2 ice beasts (D:7)
  3 ogres
  2 centaurs
  2 phantoms
  Blork the orc (D:6)
  5 bullfrogs
  A scorpion (D:5)
  A kobold brigand (D:9)
  3 gnoll sergeants
  6 wights
  3 howler monkeys
  3 bombardier beetles
  3 orc priests
  6 hounds
  4 jellies
  An iguana (D:6)
  Ijyb (D:5)
  9 orc wizards
  9 mummies
  6 gnolls
  5 adders
  2 ufetubi (D:6)
  3 dart slugs
  40 orcs
  2 endoplasms
  2 giant cockroaches
  7 goblins
  8 hobgoblins
  4 quokkas
  7 ball pythons
  4 bats
  7 frilled lizards
  5 kobolds
  3 kobold zombies (Ossuary)
  5 orc zombies (Ossuary)
  5 rats
214 creatures vanquished.

Vanquished Creatures (others)
  A yak (shapeshifter) (D:9)
  A gnoll (D:9)
  A howler monkey simulacrum (D:9)
  An orc (D:6)
4 creatures vanquished.

Grand Total: 218 creatures vanquished

Notes
Turn   | Place    | Note
-------+----------+-------------------------------------------
     0 | D:1      | GordonOverkill the Kobold Reaver began the quest for the
                  | Orb.
     0 | D:1      | Reached XP level 1. HP: 12/12 MP: 3/3
   194 | D:1      | Reached XP level 2. HP: 18/18 MP: 5/5
  1034 | D:1      | Reached XP level 3. HP: 23/23 MP: 7/7
  1083 | D:1      | Learned a level 3 spell: Hailstorm
  1463 | D:2      | Noticed Terence
  1675 | D:2      | Reached skill level 1 in Ice Magic
  2448 | D:3      | Reached XP level 4. HP: 17/28 MP: 8/8
  3265 | D:3      | Reached XP level 5. HP: 7/22 MP: 9/9
  4196 | D:4      | Found a runed translucent door.
  4199 | D:4      | Noticed Tinttamiau's ghost (amateur AtIE)
  5309 | D:4      | Reached skill level 4 in Conjurations
  5792 | D:5      | Entered Level 5 of the Dungeon
  5796 | D:5      | Reached XP level 6. HP: 25/34 MP: 10/10
  5921 | D:5      | Noticed Eustachio
  5938 | D:5      | Killed Eustachio
  5939 | D:5      | Reached XP level 7. HP: 31/41 MP: 11/13
  6031 | D:4      | Reached skill level 5 in Conjurations
  6283 | D:5      | Reached skill level 5 in Ice Magic
  6450 | D:5      | Reached XP level 8. HP: 18/43 MP: 6/14
  6870 | D:5      | Found a basalt altar of Yredelemnul.
  6893 | D:5      | Reached skill level 6 in Conjurations
  7087 | D:5      | Noticed Ijyb
  7096 | D:5      | Killed Ijyb
  7410 | D:6      | Learned a level 5 spell: Irradiate
  7413 | D:6      | Learned a level 2 spell: Sublimation of Blood
  7522 | D:6      | Reached skill level 1 in Alchemy
  7565 | D:6      | Reached skill level 1 in Evocations
  7574 | D:6      | Noticed Blork the orc
  7578 | D:6      | Reached XP level 9. HP: 17/38 MP: 13/15
  7760 | D:6      | Killed Blork the orc
  7761 | D:6      | Reached skill level 1 in Necromancy
  8065 | D:6      | Found a stormy altar of Qazlal.
  9055 | D:7      | Reached skill level 5 in Alchemy
  9337 | D:7      | Found a sand-covered staircase.
  9343 | Ossuary  | Entered an ossuary
  9513 | Ossuary  | Reached skill level 7 in Conjurations
 10243 | D:7      | Reached skill level 8 in Conjurations
 10302 | D:7      | Reached XP level 10. HP: 56/56 MP: 12/16
 10540 | D:7      | Found a radiant altar of Vehumet.
 10724 | D:7      | Found a staircase to the Ecumenical Temple.
 11047 | D:7      | You fall into a shaft and drop 2 floors!
 11245 | D:9      | Reached skill level 9 in Conjurations
 11257 | D:9      | Paralysed by a hornet for 2 turns
 11502 | D:9      | Found a staircase to the Lair.
 11940 | D:8      | Reached skill level 10 in Conjurations
 12765 | D:8      | Found a snail-covered altar of Cheibriados.
 12767 | D:8      | Found a hide-covered altar of Uskayaw.
 13145 | D:7      | Became a worshipper of Vehumet
 14036 | D:9      | Noticed a five-headed hydra
 14045 | D:9      | Killed a five-headed hydra
 14046 | D:9      | Reached XP level 11. HP: 60/60 MP: 5/17
 14263 | D:9      | Reached skill level 11 in Conjurations
 14332 | D:9      | Reached skill level 5 in Spellcasting
 14432 | D:9      | Noticed a boulder beetle
 14473 | D:9      | Identified the +10 arbalest "Soeri" {heavy, ^Contam Int+4}
 14473 | D:9      | Noticed a tengu warrior
 14483 | D:9      | Killed a tengu warrior
 14728 | D:9      | Got the Octavo of the Molten Rocks
 14879 | D:9      | Found a staircase to the Orcish Mines.
 14952 | D:9      | Found a shimmering blue altar of Sif Muna.
 15355 | D:9      | Found a staircase to the Lair.
 15541 | D:9      | Killed a boulder beetle
 15716 | D:9      | Found a staircase to the Orcish Mines.
 15796 | D:9      | Found a shimmering blue altar of Sif Muna.
 15944 | D:10     | Entered Level 10 of the Dungeon
 15986 | D:10     | Found a glowing golden altar of the Shining One.
 15996 | D:10     | Found a broken altar of Ashenzari.
 16265 | D:10     | Reached * piety under Vehumet
 16265 | D:10     | Offered knowledge of Magic Dart by Vehumet.
 16860 | D:10     | Identified the +0 leather armour "Nuivvalu" {Will+ Int+3
                  | Slay-4}
 16998 | D:10     | Reached skill level 12 in Conjurations
 17334 | D:10     | Noticed a skeletal warrior
 17616 | D:10     | Slain by a skeletal warrior

Illustrated notes

Levels and vault maps discovered:
D:1:      nagdon_arrival_double_spiral, layout_basic, due_unseen_surprise
D:2:      layout_basic, uniq_terence
D:3:      layout_basic
D:4:      layout_loops_ring, ebering_ghost_reflecting_pool, serial_bayou_lake_a
D:5:      layout_rooms, overflow_temple_1_default, uniq_eustachio, uniq_ijyb
D:6:      layout_basic, mainiacjoe_overflow_tiny_flanked, st_stairs_4,
          uniq_blork_the_orc
D:7:      layout_loops_ring, vehumet_crystals, temple_doors_e,
          gup_ossuary_entry_pyramid, minivault_11
D:8:      layout_basic, grunt_temple_overflow_open
D:9:      minmay_the_grid_triangle_9x9_recursive_2
          [minmay_the_grid_triangle_9x9_prize_insulated,
          minmay_the_grid_triangle_9x9_descending_squares,
          minmay_the_grid_triangle_9x9_zippers_horizontal,
          minmay_the_grid_triangle_9x9_pentomino_pain], layout_loops_ring,
          led_sif_pool, orc_0_dummy
D:10:     kennysheep_blocky_room, layout_loops_corners, minitemple,
          lemuel_coloured_pillars_altar

Skill      XL: |  1  2  3  4  5  6  7  8  9 10 11 |
---------------+----------------------------------+-----
Fighting       | 3 |  3.4
Spellcasting   | 3 4 6 |  6.0
Ice Magic      | 1 3 4 6 7 |  7.0
Conjurations   | 4 5 6 8 10 12 | 12.0
Alchemy        | 3 5 8 |  8.0
Evocations     | 2 3 |  3.0
Necromancy     | 3 |  3.0
Short Blades   | |  4.0
Dodging        | |  2.4

Action                     |  1- 3 |  4- 6 |  7- 9 | 10-12 || total
---------------------------+-------+-------+-------+-------++-------
  Melee: Short sword       |   150 |    46 |       |       ||   196
         Whip              |       |    27 |       |       ||    27
         Dagger            |       |    51 |   203 |   169 ||   423
         Punch             |       |     1 |     3 |     3 ||     7
   Cast: Kiss of Death     |     1 |     4 |     8 |     1 ||    14
         Hailstorm         |       |     9 |    52 |    63 ||   124
         Irradiate         |       |       |       |    18 ||    18
         Sublimation of Bl |       |       |       |     1 ||     1
  Evoke: Wand              |       |       |     1 |    13 ||    14
         Sack of spiders   |       |       |       |     1 ||     1
    Use: Scroll            |     5 |     4 |     4 |     4 ||    17
         Potion            |       |     2 |     2 |     3 ||     7
   Stab: Sleeping          |    13 |     3 |     9 |     1 ||    26
         Distracted        |     1 |       |     1 |     2 ||     4
 Armour: Leather armour    |    50 |    37 |    78 |    34 ||   199
         Robe              |       |       |       |    63 ||    63
  Dodge: Dodged            |    81 |    70 |   144 |   155 ||   450
